 Dungeon Crawl Stone Soup version 0.14.0-24-gfb45beb (webtiles) character file.

76955 Infinimo the Shatterer (level 15, -6/98 HPs)
             Began as a Gargoyle Berserker on Apr 22, 2014.
             Was the Champion of Trog.
             Mangled by an ice devil (31 damage)
             ... summoned by an orc high priest
             ... on Level 4 of the Orcish Mines.
             The game lasted 01:02:10 (25090 turns).

Infinimo the Shatterer (Gargoyle Berserker)        Turns: 25090, Time: 01:02:11

HP  -6/98        AC 36     Str 27      XL: 15   Next: 47%
MP  15/15        EV  7     Int  8      God: Trog [******]
Gold 2211        SH  0     Dex  7      Spells:  0 memorised, 14 levels left

rFire  + . .     SeeInvis +     l - +4,+3 great mace of the Unseen Realm {crush, rElec}
rCold  . . .     Clarity  .     v - +4 plate armour {rF+}
rNeg   + . .     Conserve +     (no shield)
rPois  +         rCorr    .     r - +2 helmet {SInv}
rElec  +         rRot     +     u - +2 cloak
SustAb . .       Spirit   .     (no gloves)
rMut   .         Warding  .     (no boots)
Saprov . . .     Stasis   .     L - amulet of conservation
MR     +....                    y - +2 ring of protection
                                s - +1 ring of protection

@: about to teleport, exhausted, slowed, very slow, somewhat resistant to
hostile enchantments, extremely unstealthy
A: able to fly continuously, large and strong wings, talons 1, molten scales 1,
clumsy 1, deformed body, life protection 1, screaming 1, electricity resistance,
unbreathing, petrification resistance, AC +11
a: Fly, Burn Spellbooks, Berserk, Trog's Hand, Brothers in Arms, Renounce
Religion


You were on level 4 of the Orcish Mines.
You worshipped Trog.
Trog was exalted by your worship.
You were very hungry.

You visited 3 branches of the dungeon, and saw 24 of its levels.
You visited the Abyss 1 time.
You also visited: Volcano.

You collected 2631 gold pieces.
You spent 420 gold pieces at shops.

Inventory:

Hand weapons
 l - the +4,+3 great mace of the Unseen Realm (weapon) {crush, rElec}
   (Trog gifted it to you on level 8 of the Dungeon)

   It inflicts extra damage upon your enemies.
   It insulates you from electricity.
 z - the +7,+7 great mace "Firestarter" {flame, rF++}
   (You found it on level 2 of the Lair of Beasts)

   It emits flame when wielded, causing extra injury to most foes and up to
   double damage against particularly susceptible opponents.
   It greatly protects you from fire.
Armour
 r - a +2 helmet of see invisible (worn)
 u - a +2 cloak (worn)
 v - a +4 plate armour of fire resistance (worn)
Magical devices
 i - a wand of paralysis (6)
 C - a wand of fireball (3)
 I - a wand of fire (8)
 M - a wand of fire (7)
 S - a wand of teleportation (2)
 U - a wand of lightning (3)
Comestibles
 c - 8 bread rations
 f - 2 rotting chunks of orc flesh
 g - 2 apples
 k - 3 pears
 o - 6 oranges
 t - 9 meat rations
 E - 3 chokos
 F - 6 grapes
 G - 2 beef jerkies
 H - 8 cheeses
 V - 4 chunks of orc flesh
Scrolls
 d - 9 scrolls of remove curse
 m - 3 scrolls of magic mapping
 n - a scroll of enchant weapon I
 q - 2 scrolls of teleportation
 A - a scroll of vulnerability
 J - 3 scrolls of fog
 N - a scroll of recharging
 P - 2 scrolls of blinking
 T - 2 scrolls of fear
Jewellery
 s - a +1 ring of protection (left hand)
 y - a +2 ring of protection (right hand)
 K - an uncursed ring of magical power
 L - an amulet of conservation (around neck)
 Q - an uncursed ring of ice
 R - an uncursed amulet of resist mutation
Potions
 a - 4 potions of berserk rage
 b - 3 potions of brilliance
 e - 4 potions of invisibility
 h - a potion of flight
 j - 2 potions of resistance
 p - 6 potions of curing
 w - 2 potions of haste
 x - 2 potions of might
 B - a potion of magic
 D - 2 potions of restore abilities


   Skills:
 + Level 13.0 Fighting
 * Level 21.5 Maces & Flails
 + Level 12.4 Armour
 - Level 1.5 Dodging


You had 14 spell levels left.
You didn't know any spells.

Dungeon Overview and Level Annotations

Branches:
Dungeon (12/15)            Temple (0/1) D:7             Orc (4/4) D:9
   Lair (8/8) D:10         Shoals (0/5) Lair:6       Spider (0/5) Lair:4
  Slime (0/6) Lair:6
    Elf: Orc:3-4

Altars:
Ashenzari
Cheibriados
Nemelex Xobeh
Sif Muna
Trog
Yredelemnul
Beogh
Jiyva

Shops:
D:5 :   D:6 =   D:9 *([   Orc:3 !

Annotations:
D:4 Duvessa
D:12 Sonja


Innate Abilities, Weirdness & Mutations

You are resistant to torment.
You are immune to poison.
You are immune to rotting.
You can fly continuously.
Your stone body is very resilient (AC +11).
Your wings are large and strong.
You resist negative energy.
You are resistant to electric shocks.
You can survive without breathing.
You are immune to petrification.
You have sharp toenails.
You are partially covered in molten scales (AC +1).
You are clumsy. (Dex -2)
Armour fits poorly on your strangely shaped body.
You occasionally shout uncontrollably.


Message History

The orc throws a tomahawk.
The tomahawk hits you!
You see here a tomahawk.
The ufetubus disappears in a puff of smoke!
The ice devil is lightly wounded.
You sock the ice devil!
The ice devil is heavily wounded.
You claw the ice devil, but do no damage.
The ice devil is moderately wounded.
Read which item? (? for menu, Esc to quit)
Okay, then.
Unknown command.
Drink which item? (? for menu, Esc to quit)
Okay, then.
Unknown command.
Read which item? (? for menu, Esc to quit)
As you read the scroll of teleportation, it crumbles to dust.
You feel strangely unstable. The ice devil hits you.
* * * LOW HITPOINT WARNING * * *
The ice devil freezes you!
You die...

.### ##...)(.))#3## ..
....# #...5.8)8))## ..
#...###o...%(....# .
#..#.#...##'''##......
#......###..5..###....
####....o## #8.).8#
#.## ...o...54#
##...## .. .o$.##.#3#
#...# .. ###@#.o.%..5'
#..#...#...#
##.#####.8.# #.# #oo.#
#.# '...+ #.# #...#
#.# #o..# #.. 8o. ##.


You could see an ice devil, an orc high priest, a hellwing and an ufetubus.

Vanquished Creatures
  An orc warlord (Orc:4)
  Gastronok (Orc:3)
  7 hydras
  Fannar (Lair:8)
  Erica (Lair:6)
  12 death yaks
  A catoblepas (Lair:4)
  Erolcha (D:12)
  2 hill giants
  Pikel (D:4)
  2 lindwurms
  An orc knight (Orc:4)
  Joseph (Orc:3)
  2 orc sorcerers
  3 cyclopes
  3 griffons
  21 elephants
  Maurice (Orc:3)
  A fire giant skeleton (Abyss:1)
  3 molten gargoyles (Volcano)
  3 black mambas
  2 gargoyles
  15 spiny frogs
  A centaur zombie (D:12)
  A giant firefly (Lair:6)
  A fire drake (Lair:5)
  6 komodo dragons
  A polar bear (Lair:7)
  20 blink frogs
  3 giant leeches (Lair:8)
  A wandering mushroom (Lair:8)
  Prince Ribbit (Lair:2)
  2 trolls
  3 two-headed ogres
  3 slime creatures (D:12)
  A grizzly bear (Lair:6)
  2 flying skulls (Abyss:1)
  10 sharks
  6 ugly things (D:11)
  2 basilisks
  A wyvern (D:8)
  4 redbacks (Lair:8)
  An elephant slug (Lair:8)
  A spriggan (Lair:6)
  A human (D:7)
  7 hippogriffs
  Eustachio (D:6)
  A deep elf mage (D:10)
  31 yaks
  2 wargs (Orc:4)
  9 porcupines
  5 vampire mosquitoes (Lair:8)
  A necrophage (D:5)
  17 water moccasins
  3 wolves
  17 orc warriors
  2 black bears
  3 slaves
  Purgy (D:4)
  9 giant goldfish
  A yellow wasp (D:8)
  A sky beast (D:8)
  An ice beast (D:9)
  10 centaurs
  6 ogres
  2 phantoms
  Sigmund (D:4)
  14 crocodiles
  3 lava worms (Lair:1)
  12 giant slugs
  2 big kobolds
  Blork the orc (D:6)
  32 giant frogs
  4 scorpions
  14 killer bees
  A cyclops skeleton (D:11)
  A wyvern skeleton (D:11)
  An eye of draining (D:10)
  6 wights
  A quasit (D:10)
  8 electric eels
  A troll skeleton (D:11)
  5 crimson imps
  A goliath beetle (D:8)
  Dowan (D:4)
  2 giant frog skeletons
  A jelly (D:7)
  Crazy Yiuf (D:4)
  8 big fish
  17 orc priests
  8 hounds
  12 worker ants
  A gnoll shaman (D:9)
  3 iguanas
  16 orc wizards
  7 orange rats (Lair:4)
  23 sheep
  Ijyb (D:6)
  A big kobold skeleton (D:8)
  A hound zombie (D:7)
  A worker ant zombie (D:5)
  18 adders
  15 gnolls
  58 green rats
  3 giant mites
  An inept item mimic (D:6)
  A goliath beetle zombie (D:12)
  4 shadow imps
  4 worms
  3 orc zombies
  10 giant geckos
  123 orcs
  A ball python (D:1)
  5 giant cockroaches
  25 goblins
  13 hobgoblins
  18 jackals
  22 kobolds
  13 quokkas
  24 bats
  A giant gecko zombie (D:5)
  A giant newt (D:1)
  A kobold zombie (D:5)
  22 rats
  7 ballistomycetes
  2 fungi
  6 plants
901 creatures vanquished.

Vanquished Creatures (others)
  3 fire vortices (Volcano)
  A slave (D:4)
  An orc priest (D:4)
  2 orc wizards (D:4)
  3 giant spores
  3 fungi
  4 plants (Lair:8)
  2 starspawn tentacles (Abyss:1)
  96 starspawn tentacle segments (Abyss:1)
  5 toadstools (D:1)
120 creatures vanquished.

Grand Total: 1021 creatures vanquished

Notes
Turn   | Place    | Note
--------------------------------------------------------------
     0 | D:1      | Infinimo, the Gargoyle Berserker, began the quest for the Orb.
     0 | D:1      | Reached XP level 1. HP: 14/14 MP: 1/1
   179 | D:1      | Reached XP level 2. HP: 16/19 MP: 2/2
   262 | D:1      | Found a snail-covered altar of Cheibriados.
   348 | D:1      | Reached skill level 4 in Maces & Flails
   624 | D:1      | Acquired Trog's second power
   927 | D:2      | Reached XP level 3. HP: 14/23 MP: 3/3
  1449 | D:2      | Reached XP level 4. HP: 25/28 MP: 4/4
  1979 | D:3      | Reached skill level 5 in Maces & Flails
  2147 | D:3      | Reached XP level 5. HP: 32/32 MP: 5/5
  2604 | D:4      | Noticed Sigmund
  2615 | D:4      | Killed Sigmund
  2615 | D:4      | Reached skill level 6 in Maces & Flails
  2615 | D:4      | Reached XP level 6. HP: 32/37 MP: 6/6
  2938 | D:4      | Noticed a slave
  2938 | D:4      | Noticed a slave
  2939 | D:4      | Noticed Duvessa
  2984 | D:3      | Killed a slave
  3138 | D:4      | Found a sparkling altar of Nemelex Xobeh.
  3185 | D:4      | Noticed an ogre
  3202 | D:4      | Killed an ogre
  3202 | D:4      | Reached skill level 7 in Maces & Flails
  3400 | D:4      | Noticed a slave
  3479 | D:4      | Killed a slave
  3569 | D:4      | Noticed Pikel
  3661 | D:4      | Killed a slave
  3734 | D:4      | Noticed a slave
  3740 | D:4      | Killed Pikel
  3740 | D:4      | Reached skill level 8 in Maces & Flails
  3740 | D:4      | Reached skill level 5 in Armour
  3740 | D:4      | Reached XP level 7. HP: 41/41 MP: 7/7
  3768 | D:4      | Noticed Purgy
  3793 | D:4      | Killed Purgy
  3793 | D:4      | Reached XP level 8. HP: 31/46 MP: 8/8
  3989 | D:4      | Reached skill level 9 in Maces & Flails
  4183 | D:4      | Noticed Crazy Yiuf
  4193 | D:4      | Killed Crazy Yiuf
  4304 | D:4      | Noticed Dowan
  4313 | D:4      | Killed Dowan
  4426 | D:4      | Killed a freed slave
  4860 | D:5      | Entered Level 5 of the Dungeon
  5200 | D:5      | Found Gaobbao's Book Shop.
  5426 | D:5      | Reached skill level 10 in Maces & Flails
  5458 | D:5      | Acquired Trog's third power
  5608 | D:6      | Found Wuyvvoren's Jewellery Shop.
  5706 | D:6      | Found a bloodstained altar of Trog.
  5711 | D:6      | Found a shattered altar of Ashenzari.
  5712 | D:6      | Found a basalt altar of Yredelemnul.
  5754 | D:6      | Noticed Ijyb
  5760 | D:6      | Killed Ijyb
  5792 | D:6      | Reached XP level 9. HP: 51/51 MP: 9/9
  5907 | D:6      | Noticed Blork the orc
  5912 | D:6      | Killed Blork the orc
  6131 | D:6      | Noticed Eustachio
  6147 | D:6      | Killed Eustachio
  6236 | D:6      | Reached skill level 11 in Maces & Flails
  6543 | D:7      | Found a staircase to the Ecumenical Temple.
  7098 | D:7      | Reached skill level 12 in Maces & Flails
  7642 | D:8      | Reached XP level 10. HP: 21/56 MP: 10/10
  8212 | D:8      | Reached skill level 13 in Maces & Flails
  8424 | D:8      | Received a gift from Trog
  8425 | D:8      | Got a crude great mace {god gift}
  8426 | D:8      | Identified the +4,+3 great mace of the Unseen Realm {crush, rElec} (Trog gifted it to you on level 8 of the Dungeon)
  9184 | D:9      | Noticed a cyclops
  9193 | D:9      | Killed a cyclops
  9193 | D:9      | Reached skill level 10 in Armour
  9273 | D:9      | Found Fravorato's Elemental Accessories.
  9377 | D:9      | Reached skill level 14 in Maces & Flails
  9415 | D:9      | Reached XP level 11. HP: 36/60 MP: 11/11
  9611 | D:9      | Found Sheoj's Armour Emporium.
  9745 | D:9      | Found a staircase to the Orcish Mines.
  9747 | D:9      | Found Psamugohuym's Weapon Emporium.
  9754 | D:9      | Bought a +0 plate armour of fire resistance for 420 gold pieces
  9946 | D:10     | Entered Level 10 of the Dungeon
  9946 | D:10     | Found a staircase to the Lair.
 10528 | D:10     | Noticed a hill giant
 10533 | D:10     | Killed a hill giant
 10713 | D:10     | Reached skill level 15 in Maces & Flails
 10772 | D:10     | Received a gift from Trog
 11403 | D:11     | Noticed a hill giant
 11414 | D:11     | Killed a hill giant
 11414 | D:11     | Reached skill level 5 in Fighting
 12099 | D:12     | Noticed Erolcha
 12114 | D:12     | Killed Erolcha
 12114 | D:12     | Reached skill level 16 in Maces & Flails
 12121 | D:12     | Noticed Sonja
 12131 | D:12     | HP: 1/64 [Sonja/uncursed short sword of distortion (10)]
 12371 | D:12     | Cast into the Abyss (Sonja)
 12401 | Abyss:1  | Noticed a large abomination
 12427 | Abyss:1  | Noticed a tentacled starspawn
 12664 | Abyss:1  | Noticed a vampire mage
 12665 | Abyss:1  | Noticed a large abomination
 12666 | Abyss:1  | Noticed a storm dragon skeleton
 12669 | Abyss:1  | Noticed a large abomination
 12669 | Abyss:1  | Noticed a wretched star
 12679 | Abyss:1  | Noticed a tentacled starspawn
 12788 | Abyss:1  | Reached XP level 12. HP: 60/70 MP: 12/12
 12921 | D:12     | Escaped the Abyss
 13046 | Lair:1   | Entered Level 1 of the Lair of Beasts
 13124 | Lair:1   | Found a deep blue altar of Sif Muna.
 13305 | Lair:1   | Found a dark tunnel.
 13544 | Volcano  | Entered a volcano
 13672 | Volcano  | HP: 3/71 [lindwurm (4)]
 14540 | Lair:1   | Reached skill level 17 in Maces & Flails
 15247 | Lair:2   | Noticed a five-headed hydra
 15252 | Lair:2   | Killed a five-headed hydra
 15331 | Lair:2   | Noticed Prince Ribbit
 15336 | Lair:2   | Killed Prince Ribbit
 15455 | Lair:2   | Received a gift from Trog
 15600 | Lair:2   | Noticed a five-headed hydra
 15605 | Lair:2   | Killed a five-headed hydra
 15605 | Lair:2   | Reached skill level 18 in Maces & Flails
 15680 | Lair:2   | Reached XP level 13. HP: 80/80 MP: 13/13
 17203 | Lair:4   | Identified a scroll of acquirement
 17204 | Lair:4   | Got an ichor-stained helmet
 17208 | Lair:4   | Identified the -5 helmet "Rioqaf" {Str+5 Dam+5} (You acquired it on level 4 of the Lair of Beasts)
 17245 | Lair:4   | Found a hole to the Spider Nest.
 17257 | Lair:4   | Received a gift from Trog
 17935 | Lair:4   | Reached skill level 10 in Fighting
 18132 | Lair:5   | Reached skill level 19 in Maces & Flails
 18393 | Lair:5   | Gained mutation: You have sharp toenails. [potion of beneficial mutation]
 18608 | Lair:5   | Received a gift from Trog
 18612 | Lair:5   | Got a steaming dire flail {god gift}
 18613 | Lair:5   | Identified the +3,+4 dire flail "Ukhos" {crush, Contam rElec Str+2 SInv} (Trog gifted it to you on level 5 of the Lair of Beasts)
 18644 | Lair:5   | Gained mutation: Armour fits poorly on your strangely shaped body. [mutagenic glow]
 19284 | Lair:6   | Noticed Erica
 19296 | Lair:6   | Killed Erica
 19296 | Lair:6   | Gained mutation: Your wings are large and strong. [gargoyle growth]
 19296 | Lair:6   | Reached XP level 14. HP: 73/88 MP: 14/14
 19340 | Lair:6   | Gained mutation: You are partially covered in molten scales (AC +1). [potion of mutation]
 19340 | Lair:6   | Gained mutation: You occasionally shout uncontrollably. [potion of mutation]
 19340 | Lair:6   | Gained mutation: You are clumsy. (Dex -2) [potion of mutation]
 19606 | Lair:6   | Found a viscous altar of Jiyva.
 19621 | Lair:6   | Reached skill level 20 in Maces & Flails
 19627 | Lair:6   | Found a staircase to the Shoals.
 19819 | Lair:6   | Found a staircase to the Slime Pits.
 20027 | Lair:6   | Received a gift from Trog
 20030 | Lair:6   | Got an iridescent great mace {god gift}
 20031 | Lair:6   | Identified the +1,+2 great mace "Xizac" {freeze, +Blink rPois Str+2 Int+1 Stlth-} (Trog gifted it to you on level 6 of the Lair of Beasts)
 21190 | Lair:8   | Entered Level 8 of the Lair of Beasts
 21333 | Lair:8   | Received a gift from Trog
 21836 | Lair:8   | Noticed Fannar
 21850 | Lair:8   | Killed Fannar
 21889 | Lair:8   | Reached XP level 15. HP: 79/97 MP: 15/15
 21916 | Lair:8   | Reached skill level 21 in Maces & Flails
 22211 | Lair:8   | Received a gift from Trog
 22993 | Orc:1    | Entered Level 1 of the Orcish Mines
 23030 | Orc:1    | Received a gift from Trog
 24040 | Orc:3    | Noticed Joseph
 24054 | Orc:3    | Killed Joseph
 24093 | Orc:3    | Noticed Maurice
 24108 | Orc:3    | Killed Maurice
 24139 | Orc:3    | Noticed Gastronok
 24144 | Orc:3    | Paralysed by an orc sorcerer for 7 turns
 24163 | Orc:3    | Killed Gastronok
 24231 | Orc:3    | Found Klaasos' Distillery.
 24240 | Orc:3    | Received a gift from Trog
 24724 | Orc:4    | Entered Level 4 of the Orcish Mines
 24799 | Orc:4    | Found a roughly hewn altar of Beogh.
 24824 | Orc:4    | Received a gift from Trog
 25090 | Orc:4    | Mangled by an ice devil

Action                   |  1- 3 |  4- 6 |  7- 9 | 10-12 | 13-15 || total
-------------------------+-------+-------+-------+-------+-------++-------
Melee: Mace              |   110 |    40 |       |       |       ||   150
       Flail             |       |   129 |    73 |       |       ||   202
       Morningstar       |       |       |   373 |   136 |       ||   509
       Great mace        |       |       |       |   612 |  1071 ||  1683
Invok: Berserk           |       |     5 |     3 |     6 |    10 ||    24
       Trog's Hand       |       |     1 |       |     1 |       ||     2
 Abil: Fly               |       |       |       |       |     1 ||     1
       Stop Flying       |       |       |       |       |     1 ||     1
Evoke: Wand              |       |       |     2 |     2 |     3 ||     7
  Use: Scroll            |     5 |    10 |     9 |     7 |    12 ||    43
       Potion            |       |       |       |     9 |     4 ||    13
